 Dungeon Crawl Stone Soup version 0.24-a0-584-g9d6b971ae4 (webtiles) character file.

Game seed: 10010184127730383493, levelgen mode: deterministic

104 Peloso the Skirmisher (level 4, -1/41 HPs)
             Began as a Minotaur Fighter on Aug 30, 2019.
             Was an Initiate of Okawaru.
             Slain by a hound (5 damage)
             ... on level 2 of the Dungeon.
             The game lasted 00:03:38 (1882 turns).

Peloso the Skirmisher (Minotaur Fighter)            Turns: 1882, Time: 00:03:39

Health: -1/41      AC:  8    Str: 20    XL:     4   Next: 52%
Magic:  3/3        EV:  8    Int:  5    God:    Okawaru [......]
Gold:   60         SH: 10    Dex: 11    Spells: 3/3 levels left

rFire    . . .     SeeInvis .   a - +1 long sword
rCold    . . .     Gourm    .   c - +1 shield
rNeg     . . .     Faith    .   b - +0 scale mail
rPois    .         Spirit   .   (helmet restricted)
rElec    .         Reflect  .   (no cloak)
rCorr    .         Harm     .   (no gloves)
MR       .....                  e - +0 pair of boots
Stlth    ..........             (no amulet)
HPRegen  0.13/turn              (no ring)
MPRegen  0.08/turn              (no ring)

@: no status effects
A: retaliatory headbutt, horns 2
a: Renounce Religion


You were on level 2 of the Dungeon.
You worshipped Okawaru.
Okawaru was noncommittal.
You were very hungry.

You visited 1 branch of the dungeon, and saw 3 of its levels.

You collected 60 gold pieces.

Inventory:

Hand Weapons
 a - a +1 long sword (weapon)
Armour
 b - a +0 scale mail (worn)
 c - a +1 shield (worn)
 e - a +0 pair of boots (worn)
Scrolls
 g - 3 scrolls of enchant armour
 m - a scroll of fog
Potions
 d - a potion of might
Comestibles
 f - 6 rations


   Skills:
 + Level 4.7 Fighting
 + Level 3.5 Long Blades
 + Level 4.2 Armour
 + Level 1.0 Dodging
 + Level 4.3 Shields


You had 3 spell levels left.
You didn't know any spells.
Your spell library was empty.

Dungeon Overview and Level Annotations

Branches:
Dungeon (3/15)

Altars:
Kikubaaqudgha
Okawaru
Zin

Shops:
D:2 *


Innate Abilities, Weirdness & Mutations

You reflexively headbutt those who attack you in melee.
You have a pair of horns on your head.


Message History

The hound barks!
You hear a bark!
The jackal bites you but does no damage. x4
There is a stone staircase leading up here.
You feel yourself speed up. You block the hound's attack.
The jackal bites you but does no damage. x2
The hound bites you but does no damage.
The jackal bites you but does no damage. x2
You climb upwards.
There is a stone staircase leading down here.
You block the hound's attack. The hound barely misses you.
You block the hound's attack.
You closely miss the hound. You block the hound's attack. The hound bites you.
* * * LOW HITPOINT WARNING * * *
The hound barely misses you.
Your shield and scale mail prevent you from hitting the hound.
You block the hound's attack. The hound bites you but does no damage.
You hit the hound but do no damage. The hound bites you.
You die...

.#.###..##.#.#.# #.....# #.#
[#.#.......#.#.# #.....# #.#
.#.+.......#.#.# #.....# #.#
.###.......#.#.######.....# #.#
.# #.......#.#............# #.#
.# #.......#.#.#######....####.#
.# #.......#................##.#
.# #.......###########......##.#
.######.>....hhh@....'......##.#
........############.#......##.#
........# #.##'######รท#
........# #.##.....##.##
........# #.######.##...
.......## #.# #.##### ########
#.# #...)# #.# ####.# #.# #.##


You could see a hound and 2 jackals.

Vanquished Creatures
  2 adders (D:2)
  4 worms
  2 dart slugs (D:2)
  2 leopard geckos (D:2)
  2 orcs (D:3)
  3 giant cockroaches
  7 goblins
  7 hobgoblins
  A quokka (D:2)
  2 ball pythons
  7 bats
  5 frilled lizards
  11 kobolds
  10 rats
65 creatures vanquished.

Notes
Turn   | Place    | Note
-------+----------+-------------------------------------------
     0 | D:1      | Peloso the Minotaur Fighter began the quest for the Orb.
     0 | D:1      | Reached XP level 1. HP: 19/19 MP: 0/0
   214 | D:1      | Reached XP level 2. HP: 12/27 MP: 1/1
   525 | D:1      | Reached XP level 3. HP: 34/34 MP: 2/2
   917 | D:2      | Found Zin's Purification Station.
   919 | D:2      | Found a glowing silver altar of Zin.
  1200 | D:2      | Reached skill level 1 in Dodging
  1274 | D:2      | Reached XP level 4. HP: 41/41 MP: 3/3
  1390 | D:2      | Found an ancient bone altar of Kikubaaqudgha.
  1547 | D:2      | Found an iron altar of Okawaru.
  1555 | D:2      | Became a worshipper of Warmaster Okawaru
  1882 | D:2      | Slain by a hound

Levels and vault maps discovered:
D:1:      dpeg_arrival_ratfight, layout_basic, minmay_hexomino_c4
D:2:      layout_basic, kennysheep_okawaru_gauntlet, kiku_gazebo_pond_becter,
          zin_purify, first_ration
D:3:      layout_loops_ring, ebering_ghost_gozag, uniq_natasha

Skill      XL: |  1  2  3  4 |
---------------+-------------+-----
Fighting       | 4 |  4.7
Long Blades    | 3 |  3.5
Shields        | 4 |  4.3
Dodging        | 1 |  1.0
Armour         | 4 |  4.2

Action                   |  1- 3 |  4- 6 || total
-------------------------+-------+-------++-------
Melee: Long sword        |   114 |    36 ||   150
       Headbutt          |    16 |    10 ||    26
  Use: Scroll            |     5 |       ||     5
       Potion            |     2 |       ||     2
  Eat: Chunk             |     1 |     1 ||     2
Armor: Scale mail        |    61 |    25 ||    86
Dodge: Dodged            |    28 |    23 ||    51
Block: Shield            |    62 |    39 ||   101
       Rpst.: Long sword |     6 |     4 ||    10

Table legend:
 A = Non-vault XP
 B = Vault XP
 C = Vault XP percentage of total XP
 D = Non-vault monster count
 E = Vault monster count
 F = Vault count percentage of total count
                 A         B        C        D         E       F
            +---------+---------+-------+---------+---------+-------
      Total |     134 |      15 |  10.1 |      53 |      12 |  18.5
            +---------+---------+-------+---------+---------+-------
        D:1 |      34 |      15 |  30.6 |      22 |      12 |  35.3
        D:2 |      87 |       0 |   0.0 |      27 |       0 |   0.0
        D:3 |      13 |       0 |   0.0 |       4 |       0 |   0.0
            +---------+---------+-------+---------+---------+-------
